 Dungeon Crawl Stone Soup version 0.30-a0-457-g4b7bca3bfa (webtiles) character file.

Game seed: 7458624675067164638

348 Raultor the Changer (level 6, -4/57 HPs)
             Began as an Octopode Transmuter on Dec 13, 2022.
             Slain by a gnoll sergeant
             ... wielding a +3 trident of venom
              (6 damage)
             ... on level 3 of the Dungeon.
             The game lasted 00:08:48 (2408 turns).

Raultor the Changer (Octopode Transmuter)           Turns: 2408, Time: 00:08:48

Health: -4/57      AC: 23    Str:  9    XL:     6   Next: 60%
Magic:  8/9        EV:  2    Int: 14    God:
Gold:   152        SH:  0    Dex: 16    Spells: 2/9 levels left

rFire   . . .      SeeInvis .      - Unarmed
rCold   . . .      Faith    .    (no shield)
rNeg    . . .      Spirit   .    (helmet currently unavailable)
rPois   +          Reflect  .    (no amulet)
rElec   .          Harm     .    (no ring)
rCorr   .          Rampage  .    (no ring)
Will    .....      NoTele   +    (no ring)
Stlth   +.........               (no ring)
HPRegen 0.29/turn                (no ring)
MPRegen 0.11/turn                (no ring)
                                 (no ring)
                                 (no ring)

@: lethally poisoned (-4 -> -8), tree-form
A: stationary, stasis, torment immunity, boosted hp, almost no armour,
(amphibious), 8 rings, (camouflage 1), (gelatinous body 1), (nimble swimmer 1),
(tentacles), agile 1, dopey 1, sense surroundings 1
a: no special abilities


You were on level 3 of the Dungeon.
You were a tree.
You visited 1 branch of the dungeon, and saw 3 of its levels.

You collected 152 gold pieces.


Innate Abilities, Weirdness & Mutations

You are a tree.
Your roots penetrate the ground, keeping you stationary.
You cannot be teleported.
You are immune to unholy pain and torment.
Your maximum health is greatly increased.
You cannot wear most types of armour.
((You are amphibious.))
You can wear up to eight rings at the same time.
((Your skin changes colour to match your surroundings (Stealth+).))
((Your rubbery body absorbs attacks. (AC +1, EV +1)))
((You are camouflaged when in or above water. (Stealth+)))
((You have tentacles for arms and can constrict up to eight enemies at once.))
You are agile. (Dex +4, Str/Int -1)
You are dopey. (Int -2)
You passively map a small area around you.


   Skills:
 - Level 1.0 Fighting
 - Level 2.0 Dodging
 - Level 3.0 Unarmed Combat
 - Level 2.0 Spellcasting
 * Level 5.0 Transmutations
 * Level 4.3 Ice Magic


You had 2 spell levels left.
You knew the following spells:

 Your Spells              Type           Power      Damage    Failure   Level
b - Beastly Appendage     Tmut           30%        N/A       3%          1
c - Ice Form              Ice/Tmut       14%        N/A       34%         4
w - Wereblood             Tmut           15%        N/A       4%          2

Your spell library contained the following spells:

 Spells                   Type           Power      Damage    Failure   Level
 Sting                    Tmut/Pois      32%        1d4       9%          1
 Poisonous Vapours        Pois/Air       2%         N/A       34%         2
 Spider Form              Tmut/Pois      8%         N/A       26%         3
 Olgreb's Toxic Radiance  Pois           1%         N/A       93%         4

Inventory:

Missiles
 k - a throwing net {=f}
Magical Staves
 j - a staff of poison {!a}
Wands
 f - a wand of mindburst (16)
Scrolls
 c - a scroll of vulnerability {unknown}
 g - 6 scrolls of teleportation {unknown}
 l - a scroll of noise {unknown}
Potions
 b - a potion of magic {unknown}
 d - a potion of haste {unknown}
 e - a potion of brilliance {unknown}

Dungeon Overview and Level Annotations

Branches:
Dungeon (3/15)

Altars:

Shops:
D:1

: .g......'.▒.~≈~....#.##
........▒'▒▒▒≈≈P...#.. *
▒▒▒▒▒▒▒▒▒...▒≈~....#.. ,
.[.g....▒...▒≈≈....#.#
(~~g≈~~o▒▒▒▒▒≈≈....#)#* * ,
≈≈≈≈~≈≈≈≈≈≈≈≈≈~....#<#
~≈~~~~≈≈~~~~~~~....#.#
.............P.....#)#######
..............og♣.).........
..##.........#............##
,
...............#...#....###*,
##..........#.###..>....#
...........##.# #......... ,
..............##.##..#.
.....####...####..#.....
..... ###.# ##.##... , ....#
,,* #.# .# , ,


You could see a gnoll sergeant and an orc.


Message History

* * * LOW HITPOINT WARNING * * *
You feel very sick.
The gnoll sergeant hits you but does no damage.
It was a potion of heal wounds.
You feel much better.
You feel very sick.
The gnoll sergeant hits you with a +3 trident of venom.
* * * LOW HITPOINT WARNING * * *
The gnoll sergeant blocks your attack.
The gnoll sergeant is lightly wounded.
You feel sick.
The gnoll sergeant completely misses you.
You hit the gnoll sergeant.
The gnoll sergeant is moderately wounded.
You feel very sick.
The gnoll sergeant hits you but does no damage.
You hit the gnoll sergeant but do no damage.
The gnoll sergeant is moderately wounded.
You feel sick.
The gnoll sergeant hits you but does no damage.
You hit the gnoll sergeant.
The gnoll sergeant is moderately wounded.
You feel sick.
The gnoll sergeant hits you with a +3 trident of venom!
* * * LOW HITPOINT WARNING * * *
You hit the gnoll sergeant but do no damage.
The gnoll sergeant is moderately wounded.
* * * LOW HITPOINT WARNING * * *
You feel sick.
The gnoll sergeant hits you with a +3 trident of venom.
You die...

Skill      XL: |  1  2  3  4  5  6 |
---------------+-------------------+-----
Ice Magic      | 1 2 3 4 |  4.3
Transmutations | 3 4 5 |  5.0
Fighting       | |  1.0
Dodging        | |  2.0
Unarmed Combat | |  3.0
Spellcasting   | |  2.0

Action                   |  1- 3 |  4- 6 || total
-------------------------+-------+-------++-------
Melee: Unarmed           |    52 |   124 ||   176
       Tentacles         |    16 |    21 ||    37
       Constrict         |    15 |    31 ||    46
       Kick              |    12 |    34 ||    46
       Punch             |     1 |     1 ||     2
 Cast: Beastly Appendage |    10 |    12 ||    22
       Wereblood         |       |     2 ||     2
       Ice Form          |       |     4 ||     4
  Use: Potion            |       |     3 ||     3
 Stab: Sleeping          |     7 |       ||     7
Armor: Skin              |     2 |    14 ||    16
Dodge: Dodged            |    22 |    63 ||    85

Levels and vault maps discovered:
D:1:      lightli_arrival_statue_moat, layout_loops_ring, serial_shops,
          nicolae_shop_trees, item_on_display_a
D:2:      layout_basic, serial_forest, infiniplex_forest_clump_small,
          infiniplex_forest_lined_room_2, infiniplex_forest_end_1,
          infiniplex_forest_zigzag_2, infiniplex_forest_zigzag_1,
          infiniplex_forest_clump_tiny, infiniplex_forest_clump_diagonal,
          infiniplex_forest_clump_diagonal, fountainhead
D:3:      lemuel_castle_with_subvaults [lemuel_castle_interior_carwin_1],
          layout_rooms, nicolae_ru_great_annihilating_truth,
          kennysheep_orc_sif_temple

Notes
Turn   | Place    | Note
-------+----------+-------------------------------------------
     0 | D:1      | Raultor the Octopode Transmuter began the quest for the
                  | Orb.
     0 | D:1      | Reached XP level 1. HP: 13/13 MP: 3/3
   208 | D:1      | Reached skill level 1 in Ice Magic
   208 | D:1      | Reached XP level 2. HP: 14/18 MP: 5/5
   211 | D:1      | Learned a level 2 spell: Wereblood
   297 | D:1      | Found Weseoq's Book Boutique.
   335 | D:1      | You fall into a shaft and drop 1 floor!
   351 | D:2      | Reached XP level 3. HP: 22/23 MP: 4/6
   380 | D:2      | Reached skill level 3 in Transmutations
   380 | D:2      | Reached skill level 2 in Ice Magic
  1493 | D:3      | Reached XP level 4. HP: 20/28 MP: 7/7
  1518 | D:3      | Reached skill level 3 in Ice Magic
  1518 | D:3      | Reached XP level 5. HP: 29/33 MP: 4/8
  1563 | D:3      | Reached skill level 4 in Transmutations
  1784 | D:3      | Learned a level 4 spell: Ice Form
  1828 | D:3      | Reached XP level 6. HP: 33/38 MP: 6/9
  1885 | D:3      | Reached skill level 4 in Ice Magic
  2397 | D:3      | Reached skill level 5 in Transmutations
  2402 | D:3      | Gained mutation: You passively map a small area around you.
                  | [potion of mutation]
  2402 | D:3      | Gained mutation: You are agile. (Dex +4, Str/Int -1)
                  | [potion of mutation]
  2402 | D:3      | Gained mutation: You are dopey. (Int -2) [potion of
                  | mutation]
  2407 | D:3      | HP: 3/57 [gnoll sergeant/+3 trident of venom (12)]
  2408 | D:3      | Slain by a gnoll sergeant

Vanquished Creatures
  A howler monkey (D:3)
  2 hounds (D:3)
  16 gnolls (D:3)
  2 adders (D:2)
  A worm (D:2)
  2 dart slugs
  15 orcs (D:3)
  A bat (D:1)
  2 endoplasms (D:1)
  A giant cockroach (D:3)
  A goblin (D:2)
  A hobgoblin (D:2)
  11 jackals (D:3)
  4 kobolds (D:1)
  4 ball pythons
  4 frilled lizards
  2 rats (D:2)
70 creatures vanquished.

Table legend: (Time is in decaauts)
 A = Elapsed time spent in this place.
 B = Non-inter-level travel time spent in this place.
 C = Inter-level travel time spent in this place.
 D = Time resting spent in this place.
 E = Time spent auto-exploring this place.
 F = Levels seen in this place.
 G = Mean time per level.
                   A        B        C        D        E       F      G
               +--------+--------+--------+--------+--------+-----+--------+
         Total |   2400 |   2369 |     31 |    189 |   1570 |   3 |  800.0 |
       Dungeon |   2400 |   2369 |     31 |    189 |   1570 |   3 |  800.0 |
               +--------+--------+--------+--------+--------+-----+--------+

Top non-repeatable levels by time:
     D:2: 1199 daAuts
     D:3: 867 daAuts
     D:1: 333 daAuts

Table legend:
 A = Non-vault XP
 B = Vault XP
 C = Vault XP percentage of total XP
 D = Non-vault monster count
 E = Vault monster count
 F = Vault count percentage of total count
                 A         B        C        D         E       F
            +---------+---------+-------+---------+---------+-------
      Total |      69 |     429 |  86.1 |      25 |      45 |  64.3
            +---------+---------+-------+---------+---------+-------
        D:1 |      22 |       0 |   0.0 |      12 |       0 |   0.0
        D:2 |      44 |       0 |   0.0 |      11 |       0 |   0.0
        D:3 |       3 |     429 |  99.3 |       2 |      45 |  95.7
            +---------+---------+-------+---------+---------+-------
